Map: Ever Dream LE

Players

goblin

  • Race: Protoss Protoss
  • League: Master
  • Spawn Location: 7:00

DnS - Winner!

  • Race: Protoss Protoss
  • Spawn Location: 1:00

Event: DreamHack SC2 Masters 2020 Summer Europe

VOD

Have the link to the VOD?

Description

Time

  • Played on: July 4, 2020, 12:50 p.m.
  • Length: 13:13

All games in this series

Show
View Real Time Build Order
Export as new Build Order

goblin Protoss 

Build Orders: Blink Stalkers 

Get SALT Encoding   

  12  0:00  Probe  
  13  0:12  Probe  
  14  0:16  Pylon  
  14  0:23  Probe  
  15  0:31  Probe  
  16  0:37  Gateway  
  16  0:39  Probe  
  16  0:45  Assimilator  
  17  0:51  Probe  
  17  0:54  Assimilator  
  18  0:59  Probe  
  19  1:07  Gateway, Probe  
  19  1:17  Probe  
  20  1:24  Cybernetics Core  
  21  1:29  Probe  
  22  1:36  Pylon  
  22  1:41  Probe  
  23  2:00  Stalker x2  
  28  2:02  Warp Gate  
  28  2:06  Pylon  
  28  2:08  Probe  
  28  2:30  Stalker x2  
  28  2:36  Twilight Council  
  32  2:45  Blink  
  32  2:46  Shield Battery  
  32  3:01  Stalker x2  
  35  3:08  Pylon  
  35  3:24  Gateway  
  35  3:32  Gateway  
  31  3:50  Stalker  
  33  3:58  Stalker  
  35  4:15  Probe  
  36  4:20  Stalker  
  36  4:21  Stalker  
  40  4:26  Stalker  
  40  4:28  Probe  
  43  4:38  Pylon  
  43  5:04  Stalker x2  
  43  5:05  Stalker  
  47  5:31  Sentry  
  49  5:38  Stalker x2  
  49  5:41  Pylon  
  53  6:04  Nexus  
  53  6:08  Sentry  
  55  6:11  Stalker  
  55  6:13  Stalker  
  59  6:20  Pylon  
  59  6:22  Probe  
  58  6:31  Probe  
  58  6:39  Probe  
  60  6:48  Probe  
  61  6:56  Stalker x2  
  63  7:02  Probe  
  64  7:09  Charge  
  64  7:10  Probe  
  64  7:14  Stalker  
  67  7:19  Probe  
  67  7:21  Probe  
  65  7:27  Probe  
  68  7:42  Probe  
  68  7:43  Probe  
  68  7:50  Stalker  
  68  7:51  Stalker  
  72  7:54  Probe  
  72  7:55  Probe  
  72  7:56  Pylon  
  74  8:14  Gateway  
  74  8:15  Gateway  
  74  8:17  Pylon  
  74  8:19  Zealot x3  
  80  8:23  Probe  
  81  8:31  Probe  
  82  8:38  Pylon  
  82  8:50  Zealot x4  
  90  9:07  Nexus  
  90  9:08  Pylon  
  90  9:14  Templar Archives  
  90  9:23  Probe x2  
  92  9:31  Robotics Facility  
  90  9:42  Zealot x5  
  90  9:44  Pylon  
  100  9:55  Probe x2, Pylon  
  100  9:57  Pylon  
  101  10:04  Pylon  
  101  10:07  Probe  
  101  10:08  Probe  
  103  10:19  Zealot x4  
  103  10:21  High Templar  
  112  10:23  High Templar  
  112  10:27  Archon  
  112  10:28  Probe x3  
  117  10:36  Probe x3  
  120  10:46  Probe  
  120  10:48  High Templar x2  
  125  10:51  Zealot x2  
  125  10:53  High Templar  
  125  10:54  Probe x2  
  125  10:56  High Templar  
  135  11:02  Pylon  
  135  11:05  Archon  
  135  11:06  Gateway  
  135  11:08  Archon  
  135  11:11  Gateway  
  135  11:13  Zealot x2  
  127  11:25  Stalker x2  
  127  11:26  Stalker  
  97  11:41  Zealot x3  
  99  11:49  Zealot x2  
  99  11:50  Zealot  
  99  11:54  Warp Prism  
  97  11:59  Zealot x3  
  105  12:12  Forge, Zealot x3  
  105  12:13  Zealot x2  
  105  12:14  Gateway  
  115  12:25  Pylon  
  115  12:27  Nexus  
  115  12:36  Zealot x5  
  115  12:37  Zealot  
  111  12:38  Zealot  
  111  12:39  Zealot  
Show
View Real Time Build Order
Export as new Build Order

DnS Protoss - Winner!

Build Orders: Oracle Opening 

Get SALT Encoding   

  12  0:00  Probe  
  13  0:12  Probe  
  14  0:17  Pylon  
  14  0:24  Probe  
  15  0:32  Probe  
  15  0:36  Gateway  
  15  0:40  Probe  
  16  0:45  Assimilator  
  17  0:51  Probe  
  17  0:54  Assimilator  
  18  1:00  Probe  
  19  1:11  Probe  
  19  1:12  Gateway  
  20  1:21  Probe  
  20  1:24  Cybernetics Core  
  21  1:33  Probe  
  21  1:36  Pylon  
  22  1:45  Probe  
  23  1:57  Probe  
  23  2:00  Stalker x2, Warp Gate  
  28  2:07  Pylon  
  28  2:30  Stalker x2  
  32  2:39  Stargate  
  31  2:59  Nexus  
  31  3:06  Probe  
  32  3:13  Oracle  
  32  3:17  Shield Battery  
  32  3:19  Probe  
  36  3:31  Probe  
  37  3:40  Shield Battery  
  36  3:41  Shield Battery  
  36  3:52  Stalker  
  38  4:02  Robotics Facility  
  38  4:06  Pylon  
  36  4:16  Pylon  
  36  4:17  Stalker  
  38  4:25  Nexus, Probe  
  38  4:28  Sentry  
  41  4:39  Shield Battery  
  41  4:43  Stalker, Observer  
  44  4:56  Probe  
  45  5:00  Immortal  
  47  5:09  Stalker  
  47  5:14  Stalker  
  49  5:31  Immortal  
  49  5:32  Gateway  
  49  5:35  Pylon  
  53  5:45  Probe  
  54  5:53  Pylon  
  54  6:02  Adept x2  
  58  6:12  Nexus  
  58  6:19  Immortal  
  62  6:35  Probe  
  62  6:39  Stalker  
  65  6:40  Stalker  
  67  6:47  Stalker  
  69  6:59  Observer, Probe  
  70  7:07  Twilight Council  
  66  7:11  Probe  
  67  7:22  Immortal  
  71  7:24  Probe  
  73  7:32  Probe  
  73  7:34  Blink  
  73  7:44  Probe  
  71  7:47  Probe  
  71  7:51  Sentry  
  75  7:53  Pylon  
  75  7:56  Probe  
  76  7:59  Assimilator, Probe  
  76  8:02  Assimilator  
  77  8:08  Probe  
  77  8:11  Probe  
  79  8:17  Forge  
  79  8:20  Probe  
  79  8:24  Gateway, Observer  
  81  8:39  Gateway x2  
  81  8:42  Pylon  
  81  8:46  Templar Archives  
  81  8:51  Protoss Ground Weapons Level 1  
  81  8:59  Photon Cannon, Shield Battery  
  80  9:05  Shield Battery  
  80  9:06  Stalker  
  82  9:11  Stalker  
  82  9:13  Charge  
  84  9:20  Stalker  
  86  9:25  Stalker  
  86  9:40  Nexus  
  86  9:43  Pylon  
  86  9:46  Probe x2  
  88  9:54  Gateway  
  88  10:01  High Templar x2  
  88  10:02  Zealot x3  
  98  10:07  Archon  
  98  10:08  Probe x2  
  100  10:22  Probe x2  
  100  10:24  Warp Prism  
  100  10:26  Pylon  
  104  10:35  High Templar x3  
  108  10:39  Pylon  
  110  10:45  Archon  
  110  10:46  High Templar  
  110  10:47  Zealot x2  
  116  10:50  Archon  
  116  10:51  Probe x2  
  116  10:52  Probe  
  119  11:00  Zealot  
  121  11:09  Gateway  
  121  11:11  Pylon  
  119  11:20  Zealot x5  
  117  11:30  Zealot  
  97  11:42  High Templar x4, Zealot x2  
  97  11:46  Archon x2  
  109  11:51  Observer  
  109  11:52  Zealot  
  111  11:57  Photon Cannon  
  111  11:59  Photon Cannon  
  111  12:07  High Templar x2, Zealot  
  117  12:10  Photon Cannon  
  117  12:12  Archon  
  117  12:15  Zealot x4  
  125  12:18  Zealot  
  127  12:34  Stalker  
  124  12:44  Zealot x2  
  124  12:45  Zealot x5  
Tags
 
Add a new tag
Caveats
  • Supply blocks, unpowered buildings, or Contaminate may cause inaccurate times.
  • Supply counts are checked every 10 seconds.